 Dungeon Crawl Stone Soup version 0.23.0 (webtiles) character file.

Game seed: 5552391530697484196

706 Delanovic the Magician (level 7, -7/54 HPs)
             Began as a Deep Elf Venom Mage on Feb 19, 2019.
             Was an Initiate of Vehumet.
             Mangled by an ice beast (14 damage)
             ... on level 4 of the Dungeon.
             The game lasted 00:15:25 (5821 turns).

Delanovic the Magician (Deep Elf Venom Mage)        Turns: 5821, Time: 00:15:26

Health: -7/54      AC:  1    Str: 10    XL:     7   Next: 39%
Magic:  4/18       EV: 18    Int: 27    God:    Vehumet [......]
Gold:   193        SH:  0    Dex: 20    Spells: 7/18 levels left

rFire    . . .     SeeInvis .   b - staff of conjuration
rCold    . . .     Gourm    .   (no shield)
rNeg     . . .     Faith    .   (no armour)
rPois    .         Spirit   .   (no helmet)
rElec    .         Reflect  .   g - +0 cloak (curse)
rCorr    .         Harm     .   (no gloves)
MR       .....                  (no boots)
Stlth    ..........             (no amulet)
HPRegen  0.18/turn              u - ring of flight
MPRegen  0.16/turn              (no ring)

@: brilliant, agile, berserking, lethally poisoned (-7 -> -9), very slightly
contaminated, very quick
A: no striking features
a: Renounce Religion, Evoke Flight


You were on level 4 of the Dungeon.
You worshipped Vehumet.
Vehumet was noncommittal.
You were very hungry.

You visited 2 branches of the dungeon, and saw 6 of its levels.

You collected 193 gold pieces.

Inventory:

Armour
 g - a cursed +0 cloak (worn)
 k - a +0 pair of gloves
 o - a +2 robe of fire resistance
Magical Staves
 b - an uncursed staff of conjuration (weapon)
Jewellery
 j - a +2 amulet of reflection {unknown}
 u - a ring of flight (left hand)
Scrolls
 f - 2 scrolls of teleportation {unknown}
 l - a scroll of noise {unknown}
 m - a scroll of fear {unknown}
 p - a scroll of fog {unknown}
 s - a scroll of immolation {unknown}
 v - a scroll of blinking {unknown}
Potions
 e - a potion of ambrosia {unknown}
 h - a potion of cancellation {unknown}
 i - a potion of lignification {unknown}
 n - a potion of heal wounds
 q - a potion of brilliance
Comestibles
 c - 9 rations


   Skills:
 - Level 2.4 Dodging
 + Level 5.3 Stealth
 + Level 6.1 Spellcasting
 + Level 4.3 Conjurations
 + Level 5.9 Poison Magic


You had 7 spell levels left.
You knew the following spells:

 Your Spells              Type           Power        Failure   Level  Hunger
a - Sting                 Conj/Pois      ####         1%          1    None
b - Poisonous Vapours     Pois/Air       #####.       1%          2    None
c - Mephitic Cloud        Conj/Pois/Air  ######..     1%          3    None
d - Venom Bolt            Conj/Pois      ######....   2%          5    #####..

Your spell library contained the following spells:

 Spells                   Type           Power        Failure   Level  Hunger
 Olgreb's Toxic Radiance  Pois           ######..     1%          4    ###....


Dungeon Overview and Level Annotations

Branches:
Dungeon (5/15)             Temple (1/1) D:4

Altars:
Cheibriados
Fedhas
Hepliaklqana
Nemelex Xobeh
Okawaru
Sif Muna
Uskayaw
Vehumet
Wu Jian
Xom
Yredelemnul
The Shining One


Message History

Confirm with . or Enter, or press ? or * to list all spells.
You don't have enough magic to cast that spell.
Unknown command.
It was a potion of agility.
You feel agile all of a sudden. The ice beast misses you.
It was a potion of berserk rage.
A red film seems to cover your vision as you go berserk!
You feel yourself moving faster!
You feel mighty!
You feel sick. The ice beast hits you. The ice beast freezes you!
* * * LOW HITPOINT WARNING * * *
You barely miss the ice beast.
The ice beast is moderately wounded.
The ice beast completely misses you.
You barely miss the ice beast.
The ice beast is moderately wounded.
The ice beast hits you.
* * * LOW HITPOINT WARNING * * *
The ice beast freezes you!
You die...

############### #
##...#...##....# #
##.........#....# #
#............>..##### #
#...................## #
######..........Y.........## ##
#..............@#......?...# ##.
#####..........##.....<.[..###..
##....#.#####......)........
####.............[...÷..#..##
#####.÷...#.#.####.......).....##
...>..###...#..........[...#...##
....######..##...##.....)....)...
....# ##....###.............#.##.
#######..#.##...#.............###


You could see an ice beast.

Vanquished Creatures
  Sigmund (D:4)
  An ogre (D:3)
  Blork the orc (D:4)
  A howler monkey (D:4)
  2 hounds (D:3)
  An orc wizard (D:4)
  6 gnolls
  11 adders
  2 worms (D:3)
  3 dart slugs
  2 leopard geckos
  12 orcs
  2 ball pythons (D:1)
  10 bats
  5 giant cockroaches
  8 goblins
  10 hobgoblins
  14 jackals
  A quokka (D:3)
  5 frilled lizards
  8 kobolds
  5 rats
111 creatures vanquished.

Notes
Turn   | Place    | Note
-------+----------+-------------------------------------------
     0 | D:1      | Delanovic the Deep Elf Venom Mage began the quest for the
                  | Orb.
     0 | D:1      | Reached XP level 1. HP: 10/10 MP: 6/6
     2 | D:1      | Noticed a vine stalker
     4 | D:1      | Noticed a human
     4 | D:1      | Noticed a merfolk
     6 | D:1      | Noticed a draconian
     6 | D:1      | Noticed a formicid
     8 | D:1      | Noticed a minotaur
     8 | D:1      | Noticed a tengu
    10 | D:1      | Noticed a troll
    10 | D:1      | Noticed a felid
    12 | D:1      | Noticed a gargoyle
    12 | D:1      | Noticed a naga
    14 | D:1      | Noticed a vampire
    16 | D:1      | Noticed an ogre
    16 | D:1      | Noticed a halfling
    18 | D:1      | Noticed a spriggan
    18 | D:1      | Noticed an elf
    20 | D:1      | Noticed a demonspawn
    20 | D:1      | Noticed a demigod
    22 | D:1      | Noticed a ghoul
    24 | D:1      | Noticed a centaur
    24 | D:1      | Noticed an octopode
    26 | D:1      | Noticed a dwarf
   257 | D:1      | Reached XP level 2. HP: 15/15 MP: 6/8
   781 | D:1      | Reached XP level 3. HP: 15/19 MP: 5/10
   859 | D:1      | Learned a level 2 spell: Poisonous Vapours
   863 | D:1      | Learned a level 3 spell: Mephitic Cloud
  1382 | D:2      | Reached skill level 4 in Spellcasting
  1504 | D:2      | Reached XP level 4. HP: 24/24 MP: 9/12
  2792 | D:3      | Reached XP level 5. HP: 28/28 MP: 2/13
  3333 | D:3      | Noticed a +0 dagger
  3333 | D:3      | Noticed a +0 dagger
  3335 | D:3      | Found a hide-covered altar of Uskayaw.
  3818 | D:3      | Learned a level 5 spell: Venom Bolt
  4187 | D:4      | Noticed Sigmund
  4192 | D:4      | Noticed an ogre
  4205 | D:3      | Reached skill level 5 in Poison Magic
  4208 | D:3      | Reached skill level 5 in Spellcasting
  4208 | D:3      | Reached XP level 6. HP: 21/32 MP: 2/15
  4496 | D:4      | Killed Sigmund
  4659 | D:4      | Reached XP level 7. HP: 34/36 MP: 11/17
  4733 | D:4      | Found a staircase to the Ecumenical Temple.
  4777 | Temple   | Entered the Ecumenical Temple
  4854 | Temple   | Became a worshipper of Vehumet
  4952 | D:4      | Noticed Blork the orc
  4975 | D:4      | Killed Blork the orc
  4984 | D:4      | Reached skill level 5 in Stealth
  5227 | D:4      | Reached skill level 6 in Spellcasting
  5555 | D:5      | Entered Level 5 of the Dungeon
  5821 | D:4      | Mangled by an ice beast

Skill      XL: |  1  2  3  4  5  6  7 |
---------------+----------------------+-----
Poison Magic   | 4 5 |  5.9
Spellcasting   | 4 5 6 |  6.1
Conjurations   | 2 3 4 |  4.3
Stealth        | 3 4 5 |  5.3
Dodging        | |  2.4

Action                   |  1- 3 |  4- 6 |  7- 9 || total
-------------------------+-------+-------+-------++-------
Melee: Unarmed           |     9 |       |       ||     9
       Dagger            |    40 |    34 |       ||    74
       Staff             |       |       |    11 ||    11
 Cast: Sting             |    48 |     6 |     6 ||    60
       Poisonous Vapours |    14 |    83 |    22 ||   119
       Mephitic Cloud    |       |     2 |     5 ||     7
       Venom Bolt        |       |       |     2 ||     2
  Use: Scroll            |       |     1 |       ||     1
       Potion            |       |       |     4 ||     4
 Stab: Confused          |       |     2 |     1 ||     3
  Eat: Chunk             |     2 |    10 |     4 ||    16
Armor: Robe              |    14 |    16 |       ||    30
       Skin              |       |       |     1 ||     1
Dodge: Dodged            |    36 |    42 |     9 ||    87
